 Dungeon Crawl Stone Soup version 0.27.1-1-g398f81649c (webtiles) character file.

Game seed: 16880670257371071121

67 pkoi the Slasher (level 3, 0/30 HPs)
             Began as a Minotaur Gladiator on Sept 22, 2021.
             Slain by an orc (4 damage)
             ... on level 3 of the Dungeon.
             The game lasted 00:01:28 (1789 turns).

pkoi the Slasher (Minotaur Gladiator)               Turns: 1789, Time: 00:01:29

Health: 0/30       AC:  3    Str: 19    XL:     3   Next: 98%
Magic:  2/2        EV: 12    Int:  5    God:
Gold:   54         SH:  5    Dex: 11    Spells: 2/2 levels left

rFire    . . .     SeeInvis .   a - +0 long sword
rCold    . . .     Faith    .   (no shield)
rNeg     . . .     Spirit   .   b - +0 leather armour
rPois    .         Reflect  +   c - +0 hat
rElec    .         Harm     .   (no cloak)
rCorr    .         Rampage  .   (no gloves)
Will     .....                  (no boots)
Stlth    +.........             g - amulet of reflection
HPRegen  0.10/turn              (no ring)
MPRegen  0.08/turn              (no ring)

@: lethally poisoned (0 -> -4)
A: horns 2, retaliatory headbutt
a: no special abilities


You were on level 3 of the Dungeon.
You visited 1 branch of the dungeon, and saw 3 of its levels.

You collected 54 gold pieces.

Inventory:

Hand Weapons
 a - a +0 long sword (weapon)
Missiles
 d - 3 throwing nets (quivered)
Armour
 b - a +0 leather armour (worn)
 c - a +0 hat (worn)
Jewellery
 g - an amulet of reflection (around neck)
 j - a ring of ice
Wands
 k - a wand of acid (8)
Potions
 i - a potion of curing {unknown}
 l - a potion of attraction
 m - a potion of mutation {unknown}


   Skills:
 - Level 2.4 Fighting
 * Level 5.3 Long Blades
 - Level 2.0 Throwing
 + Level 2.3 Armour
 - Level 3.2 Dodging


You had 2 spell levels left.
You didn't know any spells.
Your spell library contained the following spells:

 Spells                   Type           Power      Damage    Failure   Level
 Pain                     Necr           0%         1d4       54%         1
 Ignite Poison            Fire/Tmut/Pois 0%         N/A       88%         3
 Mephitic Cloud           Conj/Pois/Air  0%         N/A       88%         3
 Agony                    Necr           0%         N/A       100%        5
 Bolt of Magma            Conj/Fire/Erth 0%         4d4       100%        5
 Excruciating Wounds      Necr           0%         N/A       100%        5


Dungeon Overview and Level Annotations

Branches:
Dungeon (3/15)

Altars:
Sif Muna


Innate Abilities, Weirdness & Mutations

You have a pair of horns on your head.
You reflexively headbutt those who attack you in melee.


Message History

There are monsters nearby!
There are monsters nearby!
There are monsters nearby!
The orc shouts!
The rat bites you.
You barely miss the rat. You headbutt the rat.
You kill the rat!
An orc comes into view. It is wielding a +2 dagger of venom.
An orc comes into view. It is wielding a +0 hand axe.
The orc shouts!
You hit the orc.
You kill the orc!
Things that are here:
a +0 club; a +0 ring mail The orc hits you with a +2 dagger of venom.
You are poisoned.
You barely miss the orc.
You feel very sick. You block the orc's attack.
The orc hits you with a +0 hand axe.
* * * LOW HITPOINT WARNING * * *
You are too injured to fight recklessly!
You are too injured to fight recklessly!
You are too injured to fight recklessly!
You hit the orc.
The orc is heavily wounded.
You feel very sick. The orc closely misses you. You furiously retaliate!
You headbutt the orc.
You riposte.
You closely miss the orc.
The orc is moderately wounded.
You block the orc's attack.
You barely miss the orc.
The orc is moderately wounded.
You feel sick. You block the orc's attack. The orc hits you with a +0 hand axe.
* * * LOW HITPOINT WARNING * * *
Unknown command.
You hit the orc. You headbutt the orc.
You kill the orc!
* * * LOW HITPOINT WARNING * * *
You feel sick. The orc hits you with a +0 hand axe.
You die...

...........................>.^..#
.#.####.#####.....###.#....####.#
.#.# #.# #.....# #.#....# #.#
.#.####.#####.....# #.#....# #.#
..................# #.#....# #.#
.#.#####.#####....# #.#....# #.#
.#................###.#.#### #.#
.########.####.#).....#.#######.#
...........#....@.##..#.........#
#########..#.#..)o##..###########
# #..#.####.##..#.........#
####### ##.#.......#..#.#.......#
......# #..#####..#..#.#.#######
......# #..#####..#..#.#.#......
......####.........#..#.#.#......
.............###...# #.#.#......
...................####.#.#......


You could see an orc.

Vanquished Creatures
  2 adders (D:2)
  A dart slug (D:3)
  4 orcs (D:3)
  2 ball pythons (D:1)
  3 bats
  4 endoplasms
  2 giant cockroaches (D:2)
  2 goblins
  3 hobgoblins
  2 jackals (D:3)
  3 quokkas
  2 frilled lizards
  5 kobolds
  6 rats
41 creatures vanquished.

Notes
Turn   | Place    | Note
-------+----------+-------------------------------------------
     0 | D:1      | pkoi the Minotaur Gladiator began the quest for the Orb.
     0 | D:1      | Reached XP level 1. HP: 18/18 MP: 0/0
   283 | D:1      | Reached skill level 4 in Long Blades
   369 | D:1      | Reached skill level 1 in Armour
   426 | D:1      | Reached XP level 2. HP: 25/25 MP: 1/1
   461 | D:1      | Found a faded altar of an unknown god.
   933 | D:2      | Reached XP level 3. HP: 30/30 MP: 2/2
  1129 | D:2      | Reached skill level 5 in Long Blades
  1147 | D:2      | Found a shimmering blue altar of Sif Muna.
  1789 | D:3      | Slain by an orc

Illustrated notes

Levels and vault maps discovered:
D:1:      lightli_arrival_windingriver, layout_loops_ring,
          chequers_ecumenical_altar_island
D:2:      layout_rooms, basic_altar
D:3:      layout_basic, lemuel_coloured_pillars_altar

Skill      XL: |  1  2  3 |
---------------+----------+-----
Long Blades    | 4 5 |  5.3
Armour         | 1 2 |  2.3
Fighting       | |  2.4
Throwing       | |  2.0
Dodging        | |  3.2

Action                   || total
-------------------------++-------
Melee: Long sword        ||    59
       Headbutt          ||    14
  Use: Scroll            ||     3
Armor: Leather armour    ||    15
Dodge: Dodged            ||    30
Block: Other             ||     5
       Rpst.: Long sword ||    14
